 Dungeon Crawl Stone Soup version 0.23-a0-141-g456867d (webtiles) character file.

7206 galech the Grappler (level 10, -7/100 HPs)
             Began as a Troll Monk on Aug 31, 2018.
             Was a High Priest of Okawaru.
             Mangled by a troll (17 damage)
             ... on level 10 of the Dungeon.
             The game lasted 00:09:17 (7275 turns).

galech the Grappler (Troll Monk)                    Turns: 7275, Time: 00:09:18

Health: -7/100     AC:  9    Str: 24    XL:     10   Next: 87%
Magic:  10/12      EV: 16    Int:  6    God:    Okawaru [*****.]
Gold:   434        SH:  0    Dex: 12    Spells: 6/9 levels left

rFire    . . .     SeeInvis .     - Unarmed
rCold    . . .     Gourm    +   (no shield)
rNeg     . . .     Faith    .   H - +0 troll leather armour
rPois    .         Spirit   .   (helmet restricted)
rElec    .         Reflect  .   e - +0 cloak
rCorr    .         Harm     .   (gloves unavailable)
MR       .....                  (boots unavailable)
Stlth    +++++.....             (no amulet)
HPRegen  1.06/turn              p - ring of stealth
MPRegen  0.13/turn              s - ring of stealth

@: heroism
A: large, unfitting armour, claws 3, fast metabolism 3, gourmand, regeneration
1, shaggy fur 1, tough skin 2
a: Heroism, Finesse, Renounce Religion


You were on level 10 of the Dungeon.
You worshipped Okawaru.
Okawaru was extremely pleased with you.
You were very full.

You visited 2 branches of the dungeon, and saw 12 of its levels.

You collected 434 gold pieces.

Inventory:

Armour
 e - a +0 cloak (worn)
 H - a +0 troll leather armour (worn)
Jewellery
 p - a ring of stealth (left claw)
 s - a ring of stealth (right claw)
Wands
 w - a wand of iceblast (20)
 B - a wand of digging (14)
 D - a wand of disintegration (15)
 F - a wand of acid (7)
Scrolls
 h - 6 scrolls of remove curse
 k - 6 scrolls of identify {unknown}
 l - 4 scrolls of fog {unknown}
 n - 2 scrolls of enchant armour {unknown}
 o - 6 scrolls of teleportation {unknown}
 q - a scroll of fear {unknown}
 t - 4 scrolls of amnesia {unknown}
 v - 4 scrolls of noise {unknown}
 y - a scroll of random uselessness {unknown}
 A - a scroll of vulnerability {unknown}
 C - 2 scrolls of enchant weapon {unknown}
 E - a scroll of magic mapping {unknown}
 G - a scroll of acquirement {unknown}
 I - a scroll of blinking {unknown}
Potions
 c - 3 potions of curing {unknown}
 d - 4 potions of heal wounds {unknown}
 f - a potion of resistance {unknown}
 g - a potion of brilliance {unknown}
 i - a potion of magic {unknown}
 j - 2 potions of cancellation {unknown}
 m - 2 potions of mutation {unknown}
 r - 2 potions of degeneration {unknown}
 u - 2 potions of haste {unknown}
 x - 2 potions of lignification {unknown}
 z - a potion of ambrosia {unknown}
Comestibles
 a - 3 chunks of flesh
 b - 20 rations


   Skills:
 + Level 6.9(11.9) Fighting
 + Level 7.1(12.1) Dodging
 - Level 1.5(6.5) Stealth
 * Level 11.5(16.5) Unarmed Combat
 + Level 4.7 Invocations


You had 6 spell levels left.
You knew the following spells:

 Your Spells              Type           Power        Failure   Level  Hunger
a - Regeneration          Chrm/Necr      #.........   86%         3    ####...

Your spell library contained the following spells:

 Spells                   Type           Power        Failure   Level  Hunger
 Infusion                 Chrm           #...         50%         1    ##.....
 Shroud of Golubria       Chrm/Tloc      #.........   63%         2    ###....
 Song of Slaying          Chrm           #.......     63%         2    ###....
 Spectral Weapon          Hex/Chrm       #.......     86%         3    ####...


Dungeon Overview and Level Annotations

Branches:
Dungeon (11/15)            Temple (1/1) D:4            Lair (0/6) D:9
    Orc: D:9-12

Altars:
Ashenzari
Cheibriados
Dithmenos
Elyvilon
Fedhas
Gozag
Hepliaklqana
Kikubaaqudgha
Makhleb
Nemelex Xobeh
Okawaru
Qazlal
Ru
Sif Muna
Trog
Uskayaw
Vehumet
Wu Jian
Xom
Yredelemnul
Zin
The Shining One


Innate Abilities, Weirdness & Mutations

You are too large for most types of armour.
You have claws for hands.
Your metabolism is lightning-fast.
You like to eat raw meat.
Your natural rate of healing is unusually fast.
You are covered in fur. (AC +1)
You have very tough skin. (AC +2)


Message History

* * * LOW HITPOINT WARNING * * *
The troll claws you but does no damage. The troll closely misses you.
You completely miss the troll.
The troll is moderately wounded.
The troll bites you.
* * * LOW HITPOINT WARNING * * *
The troll claws you!
* * * LOW HITPOINT WARNING * * *
The troll barely misses you.
You closely miss the troll.
The troll is lightly wounded.
You claw the troll!
The troll is heavily wounded.
The troll bites you but does no damage. The troll claws you.
* * * LOW HITPOINT WARNING * * *
The troll barely misses you.
You barely miss the troll.
The troll is heavily wounded.
The troll bites you!
You die...

#(......###.#####..........#
......(####.#..............#
...###..#.#...###..........#
.............## ############
........##...######
.#................#
##.....>....).....#
##..............T<#
##..............@)#
##.....[..........#
##................#
########..........# ..#
#(.........# ..###
#..........#
....####..........#
..#...############# #.###.#


You could see a troll.

Vanquished Creatures
  Snorg (D:10)
  A gargoyle (D:10)
  Psyche (D:9)
  A troll (D:9)
  A merfolk (D:10)
  A hippogriff (D:8)
  A meliai zombie (D:10)
  A wraith (D:10)
  A steam dragon (D:8)
  2 hungry ghosts (D:9)
  A sky beast (D:9)
  4 orc warriors
  2 ice beasts
  A black bear (D:8)
  3 ogres
  A phantom (D:8)
  2 wolves (D:9)
  A crocodile (D:9)
  5 centaurs
  A big kobold (D:7)
  8 bullfrogs
  A wyvern zombie (D:10)
  2 water moccasin zombies
  A water moccasin skeleton (D:5)
  3 scorpions
  3 killer bees (D:9)
  A howler monkey (D:8)
  The ghost of Nib the Grave Robber, a weakling DsNe (D:3)
  4 crimson imps
  5 orc priests
  8 hounds
  13 orc wizards
  2 centaur skeletons
  3 iguanas
  5 worker ants
  A worker ant zombie (D:8)
  A hound skeleton (D:5)
  5 gnolls
  12 adders
  5 worms
  4 dart slugs
  4 leopard geckos
  36 orcs
  6 bats
  7 giant cockroaches
  A goblin (D:1)
  8 hobgoblins
  15 kobolds
  A quokka (D:8)
  5 frilled lizards
  12 rats
215 creatures vanquished.

Notes
Turn   | Place    | Note
-------+----------+-------------------------------------------
     0 | D:1      | galech the Troll Monk began the quest for the Orb.
     0 | D:1      | Reached XP level 1. HP: 22/22 MP: 0/0
    70 | D:1      | Reached XP level 2. HP: 28/29 MP: 1/1
   101 | D:1      | Found a glowing golden altar of the Shining One.
   299 | D:1      | Reached XP level 3. HP: 36/36 MP: 2/2
   769 | D:2      | Reached skill level 4 in Unarmed Combat
   847 | D:2      | Reached XP level 4. HP: 44/44 MP: 3/3
  1562 | D:3      | Found a runed door.
  1567 | D:3      | Noticed a bullfrog
  1573 | D:3      | Reached XP level 5. HP: 45/52 MP: 4/4
  1578 | D:3      | Noticed Nib's ghost (weakling DsNe)
  2191 | D:4      | Found a deep blue altar of Sif Muna.
  2395 | D:4      | Reached skill level 5 in Unarmed Combat
  2434 | D:4      | Reached XP level 6. HP: 47/61 MP: 5/5
  2491 | D:4      | Found a staircase to the Ecumenical Temple.
  2500 | Temple   | Entered the Ecumenical Temple
  2670 | D:5      | Entered Level 5 of the Dungeon
  2720 | D:5      | Found a radiant altar of Vehumet.
  2754 | D:5      | Found an opulent altar of Gozag.
  2797 | D:5      | Noticed an ice beast
  2805 | D:5      | Killed an ice beast
  2805 | D:5      | Reached XP level 7. HP: 60/67 MP: 6/6
  2814 | D:5      | Reached skill level 6 in Unarmed Combat
  2907 | D:5      | Found an ancient bone altar of Kikubaaqudgha.
  3655 | D:6      | Reached skill level 7 in Unarmed Combat
  3692 | D:6      | Reached XP level 8. HP: 67/78 MP: 7/7
  3873 | D:6      | Found a shimmering altar of Xom.
  4066 | D:3      | Killed Nib's ghost
  4297 | D:7      | Reached skill level 5 in Dodging
  4297 | D:7      | Reached skill level 8 in Unarmed Combat
  4555 | D:7      | Found an iron altar of Okawaru.
  4630 | D:7      | Became a worshipper of Warmaster Okawaru
  4630 | D:7      | Reached * piety under Okawaru
  4630 | D:7      | Reached ** piety under Okawaru
  4674 | D:8      | Reached skill level 5 in Fighting
  4704 | D:8      | Noticed a hippogriff
  4709 | D:8      | Killed a hippogriff
  4709 | D:8      | Reached XP level 9. HP: 51/88 MP: 8/8
  4829 | D:8      | Reached skill level 9 in Unarmed Combat
  4836 | D:8      | Reached skill level 1 in Invocations
  5048 | D:8      | Reached *** piety under Okawaru
  5616 | D:9      | Noticed a troll
  5630 | D:9      | Killed a troll
  5632 | D:9      | Reached skill level 10 in Unarmed Combat
  5641 | D:9      | Reached **** piety under Okawaru
  5694 | D:9      | Found a staircase to the Lair.
  5836 | D:9      | Learned a level 3 spell: Regeneration
  5845 | D:9      | Found a blossoming altar of Fedhas.
  5976 | D:9      | Noticed Psyche
  5985 | D:9      | Killed Psyche
  5985 | D:9      | Reached XP level 10. HP: 98/98 MP: 11/11
  6524 | D:10     | Entered Level 10 of the Dungeon
  6524 | D:10     | Noticed Snorg
  6539 | D:10     | Killed Snorg
  6539 | D:10     | Reached ***** piety under Okawaru
  6607 | D:10     | Reached skill level 11 in Unarmed Combat
  6932 | D:10     | Noticed a gargoyle
  6947 | D:10     | Killed a gargoyle
  7275 | D:10     | Mangled by a troll

Vault maps used:
D:1:      ebering_trefoil_3fold, minmay_misc_feat_plants, tso_metal_star
D:3:      first_ration, ebering_ghost_sewer_d
D:4:      nicolae_overflow_crystal_walls, minmay_temple_entry_mist
D:5:      nicolae_gozag_cash_rules_everything_around_me, lemuel_doored_altar,
          basic_altar, minmay_statues_item
D:6:      kennysheep_mini_moat, minmay_misc_feat_pillars
D:7:      kennysheep_little_box
D:9:      fedhas_altar_fruit_tree, erik_lair_island, uniq_psyche
D:10:     hangedman_fish_farm, uniq_snorg
D:11:     minmay_misc_feat_iff, minmay_guarded_unrand_finisher
Temple:   eino_temple_scatter_basement

Skill      XL: |  1  2  3  4  5  6  7  8  9 10 |
---------------+-------------------------------+-----
Unarmed Combat | 4 5 7 8 10 11 | 11.5
Dodging        | 3 4 5 6 7 |  7.1
Fighting       | 3 4 5 6 |  6.9
Invocations    | 3 4 |  4.7
Stealth        | |  1.5

Action                   |  1- 3 |  4- 6 |  7- 9 | 10-12 || total
-------------------------+-------+-------+-------+-------++-------
Melee: Unarmed           |    91 |   137 |   284 |   133 ||   645
       Punch             |       |     4 |     7 |    11 ||    22
Invok: Heroism           |       |       |     2 |     5 ||     7
  Use: Scroll            |       |     1 |       |       ||     1
 Stab: Sleeping          |     3 |     3 |    18 |     5 ||    29
       Distracted        |       |       |     2 |       ||     2
  Eat: Chunk             |    13 |    18 |    29 |    14 ||    74
Armor: Robe              |    39 |    36 |    75 |       ||   150
       Troll leather arm |       |       |     4 |    49 ||    53
Dodge: Dodged            |    60 |    65 |   164 |   131 ||   420

Table legend:
 A = Non-vault XP
 B = Vault XP
 C = Vault XP percentage of total XP
 D = Non-vault monster count
 E = Vault monster count
 F = Vault count percentage of total count
                 A         B        C        D         E       F
            +---------+---------+-------+---------+---------+-------
      Total |    7631 |    2664 |  25.9 |     202 |      13 |   6.0
            +---------+---------+-------+---------+---------+-------
        D:1 |      50 |       0 |   0.0 |      23 |       0 |   0.0
        D:2 |      99 |       0 |   0.0 |      20 |       0 |   0.0
        D:3 |      52 |     164 |  75.9 |      21 |       3 |  12.5
        D:4 |     201 |       0 |   0.0 |      10 |       0 |   0.0
        D:5 |     538 |       0 |   0.0 |      20 |       0 |   0.0
        D:6 |     602 |       0 |   0.0 |      10 |       0 |   0.0
        D:7 |     608 |       0 |   0.0 |      18 |       0 |   0.0
        D:8 |    2047 |       0 |   0.0 |      31 |       0 |   0.0
        D:9 |    1256 |    1126 |  47.3 |      23 |       8 |  25.8
       D:10 |    1938 |    1374 |  41.5 |      23 |       2 |   8.0
       D:11 |     240 |       0 |   0.0 |       3 |       0 |   0.0
            +---------+---------+-------+---------+---------+-------
